 Dungeon Crawl Stone Soup version 0.31.0-12-g77e489cdc1 (webtiles) character file.

Game seed: 14122243190174174773

53 Gadfly the Insei (level 3, -7/29 HPs)
             Began as a Demonspawn Monk on Feb 13, 2024.
             Mangled by a gnoll
             ... wielding a +0 club
              (8 damage)
             ... on level 2 of the Dungeon.
             The game lasted 00:03:21 (2103 turns).

Gadfly the Insei (Demonspawn Monk)                  Turns: 2103, Time: 00:03:22

Health: -7/29      AC:  2    Str: 13    XL:     3   Next: 62%
Magic:  3/3        EV: 13    Int: 10    God:
Gold:   96         SH:  4    Dex: 15    Spells: 1/2 levels left

rFire   . .          .
                       - Unarmed
rCold   . . .        c - orb {light}
rNeg    . . .        a - +0 robe
rPois   .            (helmet currently unavailable)
rElec   .            (cloak currently unavailable)
rCorr   .            (gloves currently unavailable)
SInv    .            (boots currently unavailable)
Will    .....        (no amulet)
Stlth   +            (no ring)
HPRegen 0.24/turn    (no ring)
MPRegen 0.08/turn

%: no passive effects
@: beast-form, glowing, studying Dodging
A: beast (slay +0), condensation shield
a: Begin Untransformation


You were on level 2 of the Dungeon.
You were a hulking beast.
You visited 1 branch of the dungeon, and saw 3 of its levels.

You collected 96 gold pieces.

Inventory:

Armour
 a - a +0 robe (worn)
 c - an orb of light (worn)
Jewellery
 l - a +5 ring of evasion
Talismans
 h - a beast talisman (active)
Potions
 d - 2 potions of mutation
 f - a potion of degeneration {unknown}
 i - a potion of curing {unknown}
 j - a potion of haste {unknown}


   Skills:
 - Level 3.0 Fighting
 + Level 3.0 Dodging
 * Level 3.2 Unarmed Combat
 * Level 1.6 Evocations
 * Level 1.2 Shapeshifting


You had one spell level left.
You knew the following spells:

 Your Spells              Type           Power      Damage    Failure   Level
a - Apportation           Tloc           0%         N/A       36%         1

Your spell library contained the following spells:

 Spells                   Type           Power      Damage    Failure   Level
 Necrotise                Necr           0%         1d4       36%         1
 Sting                    Conj/Alch      0%         1d3       36%         1
 Summon Small Mammal      Summ           0%         N/A       36%         1


Dungeon Overview and Level Annotations

Branches:
Dungeon (3/15)

Altars:

Shops:
D:1 =*(


Innate Abilities, Weirdness & Mutations

You are a hulking beast.
Your limbs bulge with bestial killing power. (Slay +0)
A meltable shield of frost defends you. (SH +4)


Message History

The gnoll is severely wounded.
The gnoll hits you with a +0 club. The gnoll barely misses you.
You are too injured to fight recklessly!
You are too injured to fight recklessly!
You are too injured to fight recklessly!
You are too injured to fight recklessly!
You are too injured to fight recklessly!
You are too injured to fight recklessly!
You are too injured to fight recklessly!
You are too injured to fight recklessly!
You are too injured to fight recklessly!
You are too injured to fight recklessly!
You are too injured to fight recklessly!
You are too injured to fight recklessly!
Unknown command.
The gnoll barely misses you.
There is a stone staircase leading up, spattered with blood here.
The gnoll hits you with a +0 club.
* * * LOW HITPOINT WARNING * * *
The gnoll closely misses you.
You climb upwards.
There is a stone staircase leading down here.
Okay, then.
A gnoll is nearby!
A gnoll is nearby!
A gnoll is nearby!
You are too injured to fight recklessly!
Unknown command.
Unknown command.
Unknown command.
You barely miss the gnoll. The gnoll barely misses you.
You hit the gnoll but do no damage. The gnoll closely misses you.
You hit the gnoll.
The gnoll is lightly wounded.
The gnoll hits you with a +0 club!
* * * LOW HITPOINT WARNING * * *
You hit the gnoll.
The gnoll is moderately wounded.
The gnoll hits you with a +0 club!
You die...

#.# #######... #.# ###. #.#
## #.# #####<# ### #...#.##
#.. #....).# #.# #..g#..#
#.# ##### ##h#...## #.#
#...#######....#.#########.'
#.#....)....#.###........###
#>..#####''#####.##########.
##.###≈≈≈..≈≈≈#### #####.
#.##§≈......≈≈## #....[
###≈≈...≈≈...≈≈## #.#.#.
##≈≈....§§....§≈## #.#.#.
##≈§.....≈≈...§.≈≈## #.#.##


You could see a gnoll.

Vanquished Creatures
  3 gnolls
  A dart slug (D:3)
  A ball python (D:2)
  An endoplasm (D:1)
  2 giant cockroaches (D:1)
  2 goblins
  A hobgoblin (D:1)
  2 bats
  4 frilled lizards
  4 kobolds
  2 rats (D:2)
23 creatures vanquished.

Notes
Turn   | Place    | Note
-------+----------+-------------------------------------------
     0 | D:1      | Gadfly the Demonspawn Monk began the quest for the Orb.
     0 | D:1      | Reached XP level 1. HP: 18/18 MP: 1/1
   205 | D:1      | Found Ceti's Jewellery Emporium.
   345 | D:1      | Reached skill level 1 in Evocations
   345 | D:1      | Gained mutation: A meltable shield of frost defends you.
                  | (SH +4) [demonic ancestry]
   345 | D:1      | Reached XP level 2. HP: 2/24 MP: 2/2
   671 | D:1      | Found Pyecant Head's Weapon Shoppe.
   755 | D:1      | Found Feot's General Store.
  1038 | D:1      | Learned a level 1 spell: Apportation
  1170 | D:2      | Found a faded altar of an unknown god.
  1749 | D:2      | Reached XP level 3. HP: 29/29 MP: 3/3
  1923 | D:2      | Reached skill level 1 in Shapeshifting
  2075 | D:2      | Identified a scroll of acquirement
  2075 | D:2      | Acquired a manual of Dodging
  2102 | D:2      | HP: 1/29 [gnoll/+0 club (7)]
  2103 | D:2      | Mangled by a gnoll

Illustrated notes

Levels and vault maps discovered:
D:1:      minmay_arrival_glassed_features, layout_basic, serial_shops,
          nicolae_lakefront_shop, shop, shop
D:2:      layout_loops_corners, shapermc_ecumenical_altar_ellora,
          chequers_serial_rivers_large_b, serial_park_tiny_pond,
          kennysheep_cross_room
D:3:      layout_basic, grunt_ministairs_4

Skill      XL: |  1  2  3 |
---------------+----------+-----
Evocations     | 1 |  1.6
Unarmed Combat | 3 |  3.2
Shapeshifting  | 1 |  1.2
Dodging        | 3 |  3.0
Fighting       | |  3.0

Action                     || total
---------------------------++-------
  Melee: Unarmed           ||   127
    Use: Scroll            ||     9
         Potion            ||     1
 Armour: Robe              ||    57
  Dodge: Dodged            ||    90
   Form: Beast             ||     1
